 Dungeon Crawl Stone Soup version 0.26-a0-712-ga5a9c9c9d0 (webtiles) character file.

Game seed: 1002150043526222254

418 Lanoc the Cudgeler (level 6, -8/48 HPs)
             Began as a Mummy Chaos Knight on Nov 11, 2020.
             Was a Plaything of Xom.
             Mangled by a gnoll
             ... wielding a +0 halberd
              (9 damage)
             ... on level 5 of the Dungeon.
             The game lasted 00:06:41 (4325 turns).

Lanoc the Cudgeler (Mummy Chaos Knight)             Turns: 4325, Time: 00:06:42

Health: -8/48      AC:  5    Str: 15      XL:     6   Next: 61%
Magic:  6/6        EV: 11    Int: 12      God:    Xom [......]
Gold:   230        SH:  3    Dex: 12 (13) Spells: 5/5 levels left

rFire    x . .     SeeInvis .   a - +0 mace (chaos)
rCold    + . .     Faith    .   k - +0 buckler
rNeg     + + +     Spirit   .   b - +2 leather armour
rPois    ∞         Reflect  .   (no helmet)
rElec    .         Harm     .   (no cloak)
rCorr    .         Rampage  .   (no gloves)
MR       .....                  (no boots)
Stlth    +.........             (no amulet)
HPRegen  0.16/turn              (no ring)
MPRegen  0.10/turn              (no ring)

@: no status effects
A: no potions, fire vulnerability, cold resistance 1, negative energy resistance
3, torment resistance, unbreathing
a: Renounce Religion


You were on level 5 of the Dungeon.
You worshipped Xom.
You were a very special plaything of Xom.
You visited 1 branch of the dungeon, and saw 5 of its levels.

You collected 230 gold pieces.

Inventory:

Hand Weapons
 a - a +0 mace of chaos (weapon)
Armour
 b - a +2 leather armour (worn)
 k - a +0 buckler (worn)
Jewellery
 f - an uncursed amulet of reflection {unknown}
 g - a cursed ring of teleportation {unknown}
 l - an uncursed amulet of magic regeneration {unknown}
Wands
 o - a wand of paralysis (8)
Scrolls
 c - 8 scrolls of identify {unknown}
 d - a scroll of enchant weapon {unknown}
 j - a scroll of enchant armour {unknown}
 m - 4 scrolls of remove curse {unknown}
 n - a scroll of noise {unknown}
 p - 2 scrolls of immolation {unknown}
 q - a scroll of amnesia {unknown}


   Skills:
 + Level 4.2 Fighting
 * Level 4.3 Maces & Flails
 + Level 2.9 Armour
 + Level 2.5 Dodging


You had 5 spell levels left.
You didn't know any spells.
Your spell library was empty.

Dungeon Overview and Level Annotations

Branches:
Dungeon (5/15)
 Temple: D:4-7

Altars:
Cheibriados
Hepliaklqana
Makhleb
Qazlal
Vehumet
Zin


Innate Abilities, Weirdness & Mutations

You do not drink.
Your flesh is vulnerable to fire.
You are immune to poison.
Your flesh is cold resistant. (rC+)
You are immune to negative energy. (rN+++)
You are immune to unholy pain and torment.
You can survive without breathing.


Message History

The gnoll is severely wounded.
You hit the gnoll. You drain the gnoll.
You kill the gnoll!
The worker ant bites you but does no damage.
You hit the worker ant. You burn the worker ant.
The worker ant is heavily wounded.
The worker ant bites you but does no damage.
You hit the worker ant but do no damage.
The worker ant is heavily wounded.
The worker ant bites you but does no damage.
The gnoll hits you from afar with a +0 halberd!
* * * LOW HITPOINT WARNING * * *
Xom thinks this is hilarious!
The worker ant misses you.
As you read the scroll labeled EPRUIWK WUYHUU, it crumbles to dust.
You feel aware of your surroundings.
It was a scroll of magic mapping.
The worker ant bites you.
* * * LOW HITPOINT WARNING * * *
The gnoll hits you from afar with a +0 halberd!
You die...

,* #.##......##...##,,,,*
,* #.5......##.....##**,*
,**#g####..##.#...#.##*,*
,,,#.# *,##.8.8.8.8.##,*
**,#.#***,#...........#,*
*,g..,,,,+........(..+,*
**,#g#****#.....[g....#**
,,,#.# ##.8.8B8.8.##
,,,#.** ##.#.@.#.##
*,,,,,******##...).##
*,,,,,,,,,,,,##...##
*,,,,,,,****,,##+##
,,,,,,,,,* **,,,,*
,,,,,,,,,* ******
,,,,,,,,,* *,,,<,,,**
**,,,,,**


You could see a worker ant and a gnoll.

Vanquished Creatures
  A centaur (D:5)
  7 adders
  A gnoll (D:5)
  An adder (shapeshifter) (D:1)
  An ufetubus (D:5)
  A worm (D:2)
  4 dart slugs
  9 leopard geckos
  2 giant cockroaches
  6 goblins
  9 hobgoblins
  15 jackals (D:3)
  7 bats
  4 frilled lizards
  7 kobolds
  12 rats
  2 bushes (D:1)
89 creatures vanquished.

Vanquished Creatures (collateral kills)
  An ogre (D:4)
  2 howler monkeys (D:4)
  An iguana (D:4)
  4 gnolls (D:2)
  An adder (D:2)
  A dart slug (D:2)
  A leopard gecko (D:4)
  4 orcs (D:4)
  2 jackals (D:4)
17 creatures vanquished.

Vanquished Creatures (others)
  A plant (D:1)
1 creature vanquished.

Grand Total: 107 creatures vanquished

Notes
Turn   | Place    | Note
-------+----------+-------------------------------------------
     0 | D:1      | Lanoc the Mummy Chaos Knight began the quest for the Orb.
     0 | D:1      | Reached XP level 1. HP: 18/18 MP: 1/1
    45 | D:1      | XOM: divination: detect items
    47 | D:1      | Reached skill level 1 in Dodging
    98 | D:1      | Reached XP level 2. HP: 17/24 MP: 2/2
   127 | D:1      | XOM: divination: detect creatures
   180 | D:1      | XOM: silly message
   277 | D:1      | XOM: blink monster(s)
   331 | D:1      | Noticed a shapeshifter
   331 | D:1      | a kobold changed into a shapeshifter
   331 | D:1      | Noticed a spriggan
   331 | D:1      | a shapeshifter changed into a spriggan
   338 | D:1      | XOM: cleaving
   338 | D:1      | Noticed a soldier ant
   338 | D:1      | a spriggan changed into a soldier ant
   347 | D:1      | XOM: 3-stop teleportation journey
   489 | D:1      | XOM: 2-stop teleportation journey
   718 | D:1      | Reached XP level 3. HP: 16/29 MP: 3/3
   777 | D:1      | XOM: stat loss: -1 Dex (11/12)
   969 | D:1      | XOM: silly message
  1133 | D:1      | XOM: divination: magic mapping
  1683 | D:2      | Found a hazy altar of Hepliaklqana.
  1748 | D:2      | Reached XP level 4. HP: 35/35 MP: 4/4
  1912 | D:2      | Found a faded altar of an unknown god.
  1984 | D:2      | XOM: summons 3 hostile demons
  2029 | D:3      | XOM: blink monster(s)
  2086 | D:3      | XOM: 7-stop teleportation journey
  2437 | D:3      | Reached XP level 5. HP: 33/41 MP: 5/5
  2527 | D:3      | XOM: 4-stop teleportation journey
  3338 | D:4      | XOM: cast spell 'Summon Dragon'
  3397 | D:4      | Found a stormy altar of Qazlal.
  3397 | D:4      | Found a burning altar of Makhleb.
  3404 | D:4      | Found a snail-covered altar of Cheibriados.
  3407 | D:4      | Found a glowing silver altar of Zin.
  3407 | D:4      | Noticed an ogre
  3410 | D:4      | Killed an ogre
  3410 | D:4      | Reached XP level 6. HP: 30/48 MP: 6/6
  3415 | D:4      | XOM: silly message
  3828 | D:4      | Found a radiant altar of Vehumet.
  3913 | D:4      | XOM: silly message
  3915 | D:5      | Entered Level 5 of the Dungeon
  4188 | D:5      | XOM: summons 4 hostile demons
  4189 | D:5      | Noticed a chaos spawn
  4189 | D:5      | Noticed a chaos spawn
  4228 | D:5      | XOM: summons 2 hostile shadow creatures
  4248 | D:5      | HP: 2/48 [gnoll (4)]
  4322 | D:5      | HP: 1/48 [gnoll/+0 halberd (12)]
  4325 | D:5      | Mangled by a gnoll

Illustrated notes

Levels and vault maps discovered:
D:1:      lightli_arrival_isolated_outpost, layout_basic, serial_forest,
          infiniplex_forest_end_2, infiniplex_forest_clump_tiny,
          infiniplex_forest_lined_corner, infiniplex_forest_clump_small,
          infiniplex_forest_pool, infiniplex_forest_clump_long,
          infiniplex_forest_corner_2, infiniplex_forest_lined_1,
          infiniplex_forest_clump_diagonal, infiniplex_forest_lined_2,
          nrook_mini_vaults
D:2:      layout_rooms, old_standard_altar, chequers_ecumenical_altar_simple
D:3:      layout_loops_corners
D:4:      layout_rooms, grunt_temple_overflow_cloverleaf, old_standard_altar
D:5:      layout_loops_ring, dk_noncrumbling_3

Skill      XL: |  1  2  3  4  5 |
---------------+----------------+-----
Dodging        | 1 2 |  2.5
Maces & Flails | 3 4 |  4.3
Armour         | 2 |  2.9
Fighting       | 4 |  4.2

Action                   |  1- 3 |  4- 6 || total
-------------------------+-------+-------++-------
Melee: Mace              |   216 |   174 ||   390
  Use: Scroll            |       |     5 ||     5
 Stab: Paralysed         |     1 |       ||     1
Armor: Leather armour    |    55 |    68 ||   123
Dodge: Dodged            |    98 |   141 ||   239
Block: Buckler           |       |    20 ||    20

Table legend: (Time is in decaauts)
 A = Elapsed time spent in this place.
 B = Non-inter-level travel time spent in this place.
 C = Inter-level travel time spent in this place.
 D = Time resting spent in this place.
 E = Time spent auto-exploring this place.
 F = Levels seen in this place.
 G = Mean time per level.
                   A        B        C        D        E       F      G
               +--------+--------+--------+--------+--------+-----+--------+
         Total |   4427 |   4349 |     78 |    343 |   3027 |   5 |  885.4 |
       Dungeon |   4427 |   4349 |     78 |    343 |   3027 |   5 |  885.4 |
               +--------+--------+--------+--------+--------+-----+--------+

Top non-repeatable levels by time:
     D:1: 1362 daAuts
     D:3: 1268 daAuts
     D:2: 792 daAuts
     D:4: 590 daAuts
     D:5: 414 daAuts
